SAA
IRVING BLUE SOX @ LITTLE CAESARS HOT N READYS
05/12/2034
 
TOP OF THE 1ST
Irving Blue Sox batting - Pitching for Little Caesars Hot N Readys : LHP Hong-bin Hua
Pitching: LHP Hong-bin Hua
Batting: RHB José Alcalá 0-0: Ball
1-0: Swinging Strike
1-1: Called Strike
1-2: SINGLE (Line Drive, 34D)
Batting: RHB Justin Smelter 0-0: DOUBLE (Line Drive, 8LD)
José Alcalá to third
Batting: LHB Salvador Ramírez 0-0: Ball
1-0: Foul Ball, location: 2F
1-1: Ball
2-1: Fly out, F9 (Flyball, 9LMF)
Runner from 3rd tags up, SCORES, no throw
Batting: RHB Greg Bugarin 0-0: Foul Ball, location: 2F
0-1: Swinging Strike
0-2: Strikes out swinging
Batting: LHB Juan Jimínez 0-0: Called Strike
0-1: Ball
1-1: Ball
2-1: Called Strike
2-2: SINGLE (Groundball, 34D)
Justin Smelter to third
Runner from 3rd tries for Home, SAFE, no throw
Batting: RHB Carlos Garza 0-0: Foul Ball, location: 2F
0-1: Ball
1-1: SINGLE (Flyball, 9LS)
Juan Jimínez to second
Runner from 2nd tries for 3rd, SAFE, no throw
Batting: LHB Brenton Winston 0-0: Called Strike
0-1: Foul Ball, location: 2F
0-2: Ball
1-2: Ball
2-2: Strikes out swinging
Top of the 1st over - 2 runs, 4 hits, 0 errors, 2 left on base; Irving 2 - Little Caesars 0
BOTTOM OF THE 1ST
Little Caesars Hot N Readys batting - Pitching for Irving Blue Sox : RHP John Rigsby
Pitching: RHP John Rigsby
Batting: LHB Nathan Housden 0-0: Foul Ball, location: 2F
0-1: Ball
1-1: Ball
2-1: Called Strike
2-2: Foul Ball, location: 2F
2-2: Foul Ball, location: 2F
2-2: Foul Ball, location: 2F
2-2: Foul Ball, location: 2F
2-2: TRIPLE (Flyball, 89D)
Batting: SHB Allen Pandey 0-0: Ball
1-0: Fly out, F8 (Flyball, 8LD)
Runner from 3rd tags up, SCORES, no throw
Batting: RHB Cornelio Japón 0-0: SINGLE (Flyball, 89S)
Batting: LHB Manuel Estrada 0-0: Ball
1-0: Ball
2-0: Called Strike
2-1: Ball
3-1: Foul Ball, location: 2F
3-2: Base on Balls
Cornelio Japón to second
Batting: SHB Robby Patterson 0-0: Ball
1-0: Swinging Strike
1-1: Foul Ball, location: 2F
1-2: Ball
2-2: Foul Ball, location: 2F
2-2: Ball
3-2: Base on Balls
Cornelio Japón to third
Manuel Estrada to second
Batting: SHB Jorge Iglésias 0-0: Foul Ball, location: 2F
0-1: Ball
Wild Pitch!
Cornelio Japón scores
Manuel Estrada to third
Robby Patterson to second
1-1: Foul Ball, location: 2F
1-2: Ball
2-2: SINGLE (Line Drive, 4MD)
Manuel Estrada scores
Robby Patterson to third
Batting: RHB Mink Molendijk 0-0: Called Strike
0-1: Ball
1-1: Fielders Choice at 2nd, 6-4 (Groundball, 6)
Robby Patterson scores
Batting: RHB Tomas van Noord 0-0: Ball
1-0: Ball
2-0: Ball
3-0: Called Strike
3-1: Foul Ball, location: 2F
3-2: Base on Balls
Mink Molendijk to second
Batting: RHB Martin Dalling 0-0: Ball
1-0: Ball
2-0: Ball
3-0: Called Strike
3-1: Fielders Choice at 2nd, 6-4 (Groundball, 6)
Bottom of the 1st over - 4 runs, 3 hits, 0 errors, 2 left on base; Irving 2 - Little Caesars 4
TOP OF THE 2ND
Irving Blue Sox batting - Pitching for Little Caesars Hot N Readys : LHP Hong-bin Hua
Batting: RHB Enrique Gómez 0-0: Called Strike
0-1: Ground out 4-3 (Groundball, 4)
Batting: SHB Ryan Wood 0-0: Swinging Strike
0-1: Foul Ball, location: 2F
0-2: Ball
1-2: Strikes out looking
Batting: RHB José Alcalá 0-0: SINGLE (Groundball, 56D)
Batting: RHB Justin Smelter 0-0: Ball
1-0: Called Strike
1-1: Swinging Strike
1-2: SINGLE (Flyball, 9S)
José Alcalá to second
José Alcalá to third
Batting: LHB Salvador Ramírez 0-0: Foul Ball, location: 2F
0-1: Foul Ball, location: 2F
0-2: Ball
1-2: Foul Ball, location: 2F
1-2: Foul Ball, location: 2F
1-2: Ball
2-2: Ball
3-2: Foul Ball, location: 2F
3-2: Ground out U3 (Groundball, 3)
Top of the 2nd over - 0 runs, 2 hits, 0 errors, 2 left on base; Irving 2 - Little Caesars 4
BOTTOM OF THE 2ND
Little Caesars Hot N Readys batting - Pitching for Irving Blue Sox : RHP John Rigsby
Batting: LHB Nathan Housden 0-0: Ball
1-0: SINGLE (Flyball, 78S)
Batting: SHB Allen Pandey 0-0: Swinging Strike
0-1: Swinging Strike
0-2: Fly out, F3 (Popup, 3S)
Batting: RHB Cornelio Japón 0-0: SINGLE (Line Drive, 7S)
Nathan Housden to second
Batting: LHB Manuel Estrada 0-0: Ball
1-0: Called Strike
1-1: Ball
2-1: Ball
3-1: Fielders Choice at 2nd, 6-4 (Groundball, 6MD)
Nathan Housden to third
Batting: SHB Robby Patterson 0-0: Foul Ball, location: 2F
0-1: Ball
1-1: Foul Ball, location: 2F
1-2: Ball
2-2: 3-RUN HOME RUN (Flyball, 89XD), Distance : 415 ft
Batting: SHB Jorge Iglésias 0-0: Ground out 6-3 (Groundball, 6M)
Bottom of the 2nd over - 3 runs, 3 hits, 0 errors, 0 left on base; Irving 2 - Little Caesars 7
TOP OF THE 3RD
Irving Blue Sox batting - Pitching for Little Caesars Hot N Readys : LHP Hong-bin Hua
Batting: RHB Greg Bugarin 0-0: Ground out 5-3 (Groundball, 56S)
Batting: LHB Juan Jimínez 0-0: Ground out 4-3 (Groundball, 4)
Batting: RHB Carlos Garza 0-0: Called Strike
0-1: Swinging Strike
0-2: Ball
1-2: Foul Ball, location: 2F
1-2: Ball
2-2: Fly out, F9 (Flyball, 9LM)
Top of the 3rd over - 0 runs, 0 hits, 0 errors, 0 left on base; Irving 2 - Little Caesars 7
BOTTOM OF THE 3RD
Little Caesars Hot N Readys batting - Pitching for Irving Blue Sox : RHP John Rigsby
Batting: RHB Mink Molendijk 0-0: SINGLE (Line Drive, 7S)
Batting: RHB Tomas van Noord 0-0: Ball
1-0: Foul Ball, location: 2F
1-1: Ball
2-1: Swinging Strike
2-2: Ball
3-2: Ground out 4-3 (Groundball, 4)
Mink Molendijk to second
Batting: RHB Martin Dalling 0-0: Foul Ball, location: 2F
0-1: Ball
1-1: Ball
2-1: Called Strike
2-2: Ball
3-2: Foul Ball, location: 2F
3-2: SINGLE (Line Drive, 56D)
Mink Molendijk to third
Runner from 3rd tries for Home, SAFE, no throw
Batting: LHB Nathan Housden 0-0: Ball
1-0: Ball
2-0: Ball
3-0: Called Strike
3-1: Foul Ball, location: 2F
3-2: Foul Ball, location: 2F
3-2: Foul Ball, location: 2F
3-2: Base on Balls
Martin Dalling to second
Pitching: RHP Pong-keun Ch'oe
Batting: SHB Allen Pandey 0-0: Ball
1-0: Ball
2-0: SINGLE (Groundball, 4D)
Martin Dalling to third
Nathan Housden to second
Runner from 3rd tries for Home, SAFE, no throw
Batting: RHB Cornelio Japón 0-0: Ball
1-0: SINGLE (Groundball, 6M) (infield hit)
Nathan Housden to third
Allen Pandey to second
Batting: LHB Manuel Estrada 0-0: Swinging Strike
0-1: Called Strike
0-2: Ball
1-2: SINGLE (Groundball, 6MD)
Nathan Housden scores
Allen Pandey to third
Cornelio Japón to second
Runner from 3rd tries for Home, SAFE, throw made home
Batting: SHB Robby Patterson 0-0: Called Strike
0-1: Ball
1-1: Ball
2-1: Ball
3-1: Base on Balls
Cornelio Japón to third
Manuel Estrada to second
Batting: SHB Jorge Iglésias 0-0: Called Strike
0-1: Fly out, F9 (Flyball, 9LDF)
Runner from 3rd tags up, SCORES, no throw
Batting: RHB Mink Molendijk 0-0: Called Strike
0-1: Ball
1-1: Ball
Wild Pitch!
Manuel Estrada to third
Robby Patterson to second
2-1: Ground out 6-3 (Groundball, 6)
Bottom of the 3rd over - 5 runs, 5 hits, 0 errors, 2 left on base; Irving 2 - Little Caesars 12
TOP OF THE 4TH
Irving Blue Sox batting - Pitching for Little Caesars Hot N Readys : LHP Hong-bin Hua
Batting: LHB Brenton Winston 0-0: Ball
1-0: Foul Ball, location: 2F
1-1: Foul Ball, location: 2F
1-2: Foul Ball, location: 2F
1-2: SINGLE (Line Drive, 78S)
Batting: RHB Enrique Gómez 0-0: Called Strike
0-1: Ball
1-1: Fly out, F7 (Flyball, 78S)
Batting: SHB Ryan Wood 0-0: Called Strike
0-1: Fly out, F9 (Flyball, 9LM)
Batting: RHB José Alcalá 0-0: Ball
1-0: Ball
2-0: Called Strike
2-1: Ball
3-1: Foul Ball, location: 2F
3-2: Fly out, F8 (Flyball, 89D)
Top of the 4th over - 0 runs, 1 hit, 0 errors, 1 left on base; Irving 2 - Little Caesars 12
BOTTOM OF THE 4TH
Little Caesars Hot N Readys batting - Pitching for Irving Blue Sox : RHP Pong-keun Ch'oe
Batting: RHB Tomas van Noord 0-0: Ground out U3 (Groundball, 3)
Batting: RHB Martin Dalling 0-0: Called Strike
0-1: Ground out 4-3 (Groundball, 4)
Batting: LHB Nathan Housden 0-0: Ball
1-0: Ball
2-0: Called Strike
2-1: Foul Ball, location: 2F
2-2: Strikes out swinging
Bottom of the 4th over - 0 runs, 0 hits, 0 errors, 0 left on base; Irving 2 - Little Caesars 12
TOP OF THE 5TH
Irving Blue Sox batting - Pitching for Little Caesars Hot N Readys : LHP Hong-bin Hua
Batting: RHB Justin Smelter 0-0: Called Strike
0-1: Foul Ball, location: 2F
0-2: Ball
1-2: Ball
2-2: Ground out 5-3 (Groundball, 56S)
Batting: LHB Salvador Ramírez 0-0: Ground out 4-3 (Groundball, 4M)
Batting: RHB Greg Bugarin 0-0: SINGLE (Groundball, 5D)
Batting: LHB Juan Jimínez 0-0: Called Strike
0-1: Foul Ball, location: 2F
0-2: Foul Ball, location: 2F
0-2: Foul Ball, location: 2F
0-2: Foul Ball, location: 2F
0-2: Ground out 4-3 (Groundball, 4)
Top of the 5th over - 0 runs, 1 hit, 0 errors, 1 left on base; Irving 2 - Little Caesars 12
BOTTOM OF THE 5TH
Little Caesars Hot N Readys batting - Pitching for Irving Blue Sox : RHP Pong-keun Ch'oe
Batting: SHB Allen Pandey 0-0: Ball
1-0: Fly out, F9 (Flyball, 9)
Batting: RHB Cornelio Japón 0-0: Ball
1-0: Called Strike
1-1: Fly out, F8 (Flyball, 78D)
Batting: LHB Manuel Estrada 0-0: Ball
1-0: Ball
2-0: Called Strike
2-1: Ball
3-1: Foul Ball, location: 2F
3-2: Base on Balls
Batting: SHB Robby Patterson 0-0: Ball
1-0: Ground out 6-3 (Groundball, 6S)
Bottom of the 5th over - 0 runs, 0 hits, 0 errors, 1 left on base; Irving 2 - Little Caesars 12
TOP OF THE 6TH
Irving Blue Sox batting - Pitching for Little Caesars Hot N Readys : LHP Hong-bin Hua
Batting: RHB Carlos Garza 0-0: Called Strike
0-1: Ball
1-1: Ball
2-1: Swinging Strike
2-2: Strikes out looking
Batting: LHB Brenton Winston 0-0: Foul Ball, location: 2F
0-1: Ball
1-1: Ball
2-1: Foul Ball, location: 2F
2-2: Ball
3-2: Fly out, F9 (Flyball, 9S)
Batting: RHB Enrique Gómez 0-0: Ground out 5-3 (Groundball, 56S)
Top of the 6th over - 0 runs, 0 hits, 0 errors, 0 left on base; Irving 2 - Little Caesars 12
BOTTOM OF THE 6TH
Little Caesars Hot N Readys batting - Pitching for Irving Blue Sox : RHP Kerry Tenner
Pitching: RHP Kerry Tenner
Batting: SHB Jorge Iglésias 0-0: Ball
1-0: Called Strike
1-1: Ball
2-1: Ground out U3 (Groundball, 3)
Batting: RHB Mink Molendijk 0-0: DOUBLE (Flyball, 78XD)
Batting: RHB Tomas van Noord 0-0: Ball
Mink Molendijk steals 3rd base
1-0: Ground out 4-3 (Groundball, 4M)
Mink Molendijk scores
Batting: RHB Martin Dalling 0-0: Ground out 6-3 (Groundball, 6)
Bottom of the 6th over - 1 run, 1 hit, 0 errors, 0 left on base; Irving 2 - Little Caesars 13
TOP OF THE 7TH
Irving Blue Sox batting - Pitching for Little Caesars Hot N Readys : LHP Hong-bin Hua
Batting: SHB Ryan Wood 0-0: Called Strike
0-1: Ball
1-1: Ball
2-1: Foul Ball, location: 2F
2-2: Foul Ball, location: 2F
2-2: Ground out 5-3 (Groundball, 56)
Batting: RHB José Alcalá 0-0: Ball
1-0: Foul Ball, location: 2F
1-1: Ball
2-1: Fly out, F7 (Flyball, 78M)
Batting: RHB Justin Smelter 0-0: Ball
1-0: Foul Ball, location: 2F
1-1: Ball
2-1: Ball
3-1: Called Strike
3-2: Fly out, F9 (Flyball, 89S)
Top of the 7th over - 0 runs, 0 hits, 0 errors, 0 left on base; Irving 2 - Little Caesars 13
BOTTOM OF THE 7TH
Little Caesars Hot N Readys batting - Pitching for Irving Blue Sox : RHP Kerry Tenner
Batting: LHB Nathan Housden 0-0: Ball
1-0: Foul Ball, location: 2F
1-1: Called Strike
1-2: Ball
2-2: Ball
3-2: Foul Ball, location: 2F
3-2: Base on Balls
Batting: SHB Allen Pandey 0-0: Called Strike
0-1: Called Strike
0-2: Ball
Balk!
Nathan Housden to second
1-2: Ball
2-2: Ground out 1-3 (Groundball, 13S)
Nathan Housden to third
Batting: RHB Cornelio Japón 0-0: Fly out, F8 (Flyball, 89M)
Runner from 3rd tags up, OUT at HOME
Bottom of the 7th over - 0 runs, 0 hits, 0 errors, 0 left on base; Irving 2 - Little Caesars 13
TOP OF THE 8TH
Irving Blue Sox batting - Pitching for Little Caesars Hot N Readys : LHP Hong-bin Hua
Batting: LHB Salvador Ramírez 0-0: Called Strike
0-1: Called Strike
0-2: Ball
1-2: Fly out, F9 (Flyball, 9)
Pitching: LHP Doruk Keyder
Batting: RHB Greg Bugarin 0-0: Called Strike
0-1: Called Strike
0-2: Strikes out swinging
Batting: LHB Juan Jimínez 0-0: Ball
1-0: Foul Ball, location: 2F
1-1: Ball
2-1: Foul Ball, location: 2F
2-2: Ground out 1-3 (Groundball, P)
Top of the 8th over - 0 runs, 0 hits, 0 errors, 0 left on base; Irving 2 - Little Caesars 13
BOTTOM OF THE 8TH
Little Caesars Hot N Readys batting - Pitching for Irving Blue Sox : RHP Kerry Tenner
Batting: LHB Manuel Estrada 0-0: Ball
1-0: Ball
2-0: Called Strike
2-1: Ball
3-1: Foul Ball, location: 2F
3-2: Base on Balls
Batting: SHB Robby Patterson 0-0: Called Strike
0-1: Called Strike
0-2: Ball
1-2: Ball
2-2: Foul Ball, location: 2F
2-2: Foul Ball, location: 2F
2-2: Foul Ball, location: 2F
2-2: Ball
3-2: 2-RUN HOME RUN (Flyball, 9LD), Distance : 366 ft
Batting: SHB Jorge Iglésias 0-0: Swinging Strike
0-1: Fly out, F7 (Flyball, 7)
Batting: RHB Mink Molendijk 0-0: Foul Ball, location: 2F
0-1: Called Strike
0-2: Ground out 5-3 (Groundball, 56S)
Batting: RHB Tomas van Noord 0-0: Ball
1-0: Foul Ball, location: 2F
1-1: Ball
2-1: Ball
3-1: Swinging Strike
3-2: Ground out 6-3 (Groundball, 6)
Bottom of the 8th over - 2 runs, 1 hit, 0 errors, 0 left on base; Irving 2 - Little Caesars 15
TOP OF THE 9TH
Irving Blue Sox batting - Pitching for Little Caesars Hot N Readys : LHP Doruk Keyder
Now at C: Jaxon Dube
Batting: RHB Carlos Garza 0-0: Ball
1-0: Ball
2-0: Ball
3-0: Base on Balls
Batting: LHB Brenton Winston 0-0: Ball
1-0: Fly out, F9 (Flyball, 9)
Batting: RHB Enrique Gómez 0-0: Ball
1-0: Swinging Strike
1-1: Swinging Strike
1-2: Ball
2-2: Foul Ball, location: 2F
2-2: Ball
3-2: Base on Balls
Carlos Garza to second
Batting: SHB Ryan Wood 0-0: Ball
1-0: Ball
2-0: Fly out, F7 (Flyball, 7D)
Runner from 2nd tags up, SAFE at 3rd, no throw
Batting: RHB José Alcalá 0-0: Ball
1-0: Foul Ball, location: 2F
1-1: Ball
2-1: Foul Ball, location: 2F
2-2: Ball
3-2: Ground out 4-3 (Groundball, 4)
Top of the 9th over - 0 runs, 0 hits, 0 errors, 2 left on base; Irving 2 - Little Caesars 15
Friday, March 29th, 2019 - OOTP Baseball 18.8 Build 76